 Dungeon Sprint DCSS version 0.21.1-1-g345015f (webtiles) character file.

613 beigtais the Protected (level 7, -5/71 HPs)
             Began as a Minotaur Fighter on Feb 7, 2018.
             Was an Initiate of Trog.
             Slain by Sonja
             ... wielding a +1 dagger of distortion
              (23 damage)
             ... in the Dungeon (Sprint I: "Red Sonja").
             The game lasted 00:02:58 (709 turns).

beigtais the Protected (Minotaur Fighter)            Turns: 709, Time: 00:02:58

Health: -5/71      AC:  9    Str: 21    XL:     7   Next: 20%
Magic:  6/6        EV:  9    Int:  5    God:    Trog [......]
Gold:   330        SH: 11    Dex: 11    Spells: 6/6 levels left

rFire    . . .     SeeInvis .   a - +0 war axe
rCold    . . .     Gourm    .   c - +0 shield
rNeg     . . .     Faith    .   b - +0 scale mail
rPois    .         Spirit   .   (helmet restricted)
rElec    .         Reflect  .   (no cloak)
rCorr    .         Harm     .   (no gloves)
MR       .....     NoTele   +   (no boots)
Stlth    ..........             (no amulet)
HPRegen  0.21/turn              (no ring)
MPRegen  0.10/turn              (no ring)

@: lethally poisoned (-5 -> -9), slowed, very slow
A: retaliatory headbutt, horns 2
a: Burn Spellbooks, Renounce Religion


You were in the Dungeon.
You worshipped Trog.
Trog was noncommittal.
You were not hungry.

You visited 1 branch You collected 419 gold pieces.
You spent 89 gold pieces at shops.

Inventory:

Hand Weapons
 a - a +0 war axe (weapon)
Missiles
 e - 8 javelins (quivered)
Armour
 b - a +0 scale mail (worn)
 c - a +0 shield (worn)
Scrolls
 k - a scroll of blinking
Potions
 d - a potion of might
 g - a potion of heal wounds
 h - a potion of haste
 i - 2 potions of magic
 j - a potion of berserk rage
Comestibles
 f - a ration


   Skills:
 * Level 9.7 Fighting
 * Level 8.9 Axes
 * Level 11.1 Armour
 + Level 0.9 Dodging
 + Level 0.6 Stealth
 * Level 9.6 Shields


You had 6 spell levels left.
You didn't know any spells.

Dungeon Overview and Level Annotations

Branches:
Dungeon (1/1)

Altars:
Cheibriados
Dithmenos
Elyvilon
Fedhas
Gozag
Hepliaklqana
Kikubaaqudgha
Makhleb
Nemelex Xobeh
Okawaru
Qazlal
Ru
Sif Muna
Trog
Uskayaw
Vehumet
Wu Jian
Xom
Yredelemnul
Zin
The Shining One
Jiyva
Lugonu

Shops:
D (

Annotations:
D Sonja


Innate Abilities, Weirdness & Mutations

You reflexively headbutt those who attack you in melee.
You have a pair of horns on your head.


Message History

Space bends around you.
Sonja mumbles some strange words.
Sonja blinks!
There is an open door here.
You feel sick.
Sonja casts a spell.
Sonja blinks!
You feel sick.
Sonja shouts, "Too slow!"
Sonja hits you with an uncursed dagger of distortion.
Space bends around you. Sonja hits you but does no damage.
Space warps horribly around you! Sonja misses you. Sonja barely misses you.
Sonja closely misses you. Sonja hits you but does no damage.
Space warps horribly around you!
* * * LOW HITPOINT WARNING * * *
There is an open door here.
You miss Sonja.
You feel sick. Sonja hits you but does no damage.
You block Sonja's attack. x2; Sonja hits you but does no damage.
Space warps horribly around you!
You die...

#<.#..').#..'..#__#..+
#..'[.#..)..#..'..'..#
#..#####'#####'#__####
#..####..#...#.####
#..#__####..##(#
#..#_____##'#_.+
#⌠⌠#_.∩...'..._#
####_..__##_K#+#
#_____###@# #######
#.# +$.$+ #$.$# ##.##
#+#


You could see Sonja.

Vanquished Creatures
  A slime creature (D)
  Sigmund (D)
  A yak (D)
  An ogre (D)
  A jelly (D)
  Ijyb (D)
6 creatures vanquished.

Vanquished Creatures (others)
  A gargoyle (D)
1 creature vanquished.

Grand Total: 7 creatures vanquished

Notes
Turn   | Place    | Note
-------+----------+-------------------------------------------
     0 | D        | beigtais the Minotaur Fighter began the quest for the Orb.
     0 | D        | Reached XP level 1. HP: 19/19 MP: 0/0
     1 | D        | Noticed Ijyb
     6 | D        | Killed Ijyb
     6 | D        | Reached skill level 5 in Fighting
     6 | D        | Reached skill level 5 in Armour
     6 | D        | Reached skill level 5 in Shields
     6 | D        | Reached XP level 2. HP: 22/29 MP: 1/1
    28 | D        | Killed a gargoyle
    84 | D        | Noticed an ogre
    89 | D        | Killed an ogre
    89 | D        | Reached skill level 7 in Armour
    89 | D        | Reached XP level 3. HP: 26/39 MP: 2/2
    89 | D        | Reached XP level 4. HP: 31/47 MP: 3/3
   199 | D        | Noticed Sigmund
   223 | D        | Killed Sigmund
   223 | D        | Reached skill level 9 in Armour
   223 | D        | Reached XP level 5. HP: 21/56 MP: 4/4
   429 | D        | Found an ornate altar of the Wu Jian Council.
   429 | D        | Found a deep blue altar of Sif Muna.
   431 | D        | Found a radiant altar of Vehumet.
   435 | D        | Reached XP level 6. HP: 56/62 MP: 5/5
   459 | D        | Found Bioxt's Weapon Emporium.
   459 | D        | Found an ancient bone altar of Kikubaaqudgha.
   459 | D        | Found a hazy altar of Hepliaklqana.
   459 | D        | Found a stormy altar of Qazlal.
   459 | D        | Found a hide-covered altar of Uskayaw.
   459 | D        | Found a blossoming altar of Fedhas.
   459 | D        | Found a bloodstained altar of Trog.
   459 | D        | Found an iron altar of Okawaru.
   459 | D        | Found a basalt altar of Yredelemnul.
   459 | D        | Found a glowing golden altar of the Shining One.
   459 | D        | Found a snail-covered altar of Cheibriados.
   459 | D        | Found a sacrificial altar of Ru.
   459 | D        | Found a glowing silver altar of Zin.
   459 | D        | Found a shadowy altar of Dithmenos.
   459 | D        | Found a white marble altar of Elyvilon.
   459 | D        | Noticed a yak
   468 | D        | Killed a yak
   468 | D        | Reached skill level 10 in Armour
   469 | D        | Found an opulent altar of Gozag.
   540 | D        | Found a sparkling altar of Nemelex Xobeh.
   545 | D        | Became a worshipper of Trog the Wrathful
   547 | D        | Bought 8 javelins for 89 gold pieces
   558 | D        | Found a viscous altar of Jiyva.
   558 | D        | Found a corrupted altar of Lugonu.
   558 | D        | Noticed a slime creature
   559 | D        | Found a burning altar of Makhleb.
   559 | D        | Found a shimmering altar of Xom.
   565 | D        | Killed a slime creature
   565 | D        | Reached skill level 11 in Armour
   565 | D        | Reached XP level 7. HP: 47/71 MP: 6/6
   703 | D        | Noticed Sonja
   709 | D        | Slain by Sonja

Skill      XL: |  1  2  3  4  5  6 |
---------------+-------------------+-----
Fighting       | 5 7 8 9 |  9.7
Axes           | 3 4 6 8 |  8.9
Armour         | 5 7 9 11 | 11.1
Shields        | 5 6 8 9 |  9.6
Dodging        | |  0.9
Stealth        | |  0.6

Action                   |  1- 3 |  4- 6 |  7- 9 || total
-------------------------+-------+-------+-------++-------
Melee: War axe           |     8 |    33 |     1 ||    42
       Headbutt          |       |     7 |       ||     7
  Use: Potion            |       |     1 |       ||     1
Armor: Scale mail        |     1 |     5 |     5 ||    11
Dodge: Dodged            |     1 |     6 |     4 ||    11
Block: Shield            |     4 |    11 |     2 ||    17
